General information
- name: BNet
- type: Ladder team game (AT/RT)
- host: Battle.net
- saver: Sylink
map: RiceFields
- players: 6
- length: 85:52
- speed: Fast
- version: 1.21 W3XP
- replay type: Public
» download(388 KB)
Players
team 1 (winner)
GapInTheTooth (
teal | 42 APM | 3634 actions | 85:46)
8 Blademaster
2 Wind Walk
3 Critical Strike
1 Bladestorm
2 Mirror Image
» actions
| Assign group hotkey | 19 | |
| Basic commands | 255 | |
| Build / train | 92 | |
| ESC pressed | 21 | |
| Enter build submenu | 49 | |
| Enter hero's abilities submenu | 9 | |
| Give item / drop item | 9 | |
| Remove unit from queue | 4 | |
| Right click | 2055 | |
| Select / deselect | 919 | |
| Select group hotkey | 59 | |
| Use ability | 137 | |
3634 total
» units
| Peon | 17 | |
| Troll Batrider | 12 | |
| Tauren | 15 | |
44 total
» upgrades
| Ranged Weapons | 3 | |
| Liquid Fire | 1 | |
| Spiked Barricades | 2 | |
| Armor | 4 | |
| Backpack | 1 | |
| Pulverize | 1 | |
| Melee Weapons | 4 | |
16 total
» buildings
| War Mill | 3 | |
| Altar of Storms | 2 | |
| Orc Burrow | 14 | |
| Watch Tower | 19 | |
| Stronghold | 2 | |
| Beastiary | 2 | |
| Voodoo Lounge | 2 | |
| Fortress | 2 | |
| Great Hall | 3 | |
| Tauren Totem | 2 | |
51 total
» build order
00:06 War Mill
00:17 Altar of Storms
00:28 Orc Burrow
01:53 Watch Tower
01:59 Orc Burrow
02:57 Stronghold
04:17 Watch Tower
04:31 Watch Tower
04:35 Watch Tower
04:37 Watch Tower
04:40 Watch Tower
04:42 Watch Tower
05:26 Beastiary
06:16 Beastiary
06:31 Orc Burrow
06:40 Voodoo Lounge
07:41 Fortress
08:44 Watch Tower
10:44 Orc Burrow
11:14 Great Hall
14:40 Watch Tower
14:50 Watch Tower
14:54 Watch Tower
15:01 Watch Tower
17:40 Watch Tower
18:17 Watch Tower
18:18 Watch Tower
18:19 Watch Tower
18:19 Watch Tower
18:20 Watch Tower
18:27 Watch Tower
20:10 Orc Burrow
23:54 Great Hall
28:52 Great Hall
31:54 Voodoo Lounge
31:59 Stronghold
34:32 Altar of Storms
36:09 Fortress
39:07 Orc Burrow
39:46 War Mill
42:24 Tauren Totem
42:26 Tauren Totem
43:49 Orc Burrow
43:52 Orc Burrow
43:58 Orc Burrow
44:05 Orc Burrow
50:56 War Mill
59:12 Orc Burrow
59:14 Orc Burrow
59:15 Orc Burrow
59:22 Orc Burrow
» items
| Healing Salve | 1 | |
| Orb of Lightning | 1 | |
| Potion of Healing | 5 | |
| Scroll of Town Portal | 3 | |
| Kelen's Dagger of Escape | 1 | |
| Ring of Protection +5 | 1 | |
| Health Stone | 1 | |
| Claws of Attack +15 | 1 | |
14 total
Noinu (
yellow | 42 APM | 3634 actions | 85:46)
6 Blademaster
3 Wind Walk
2 Critical Strike
1 Bladestorm
» actions
| Assign group hotkey | 27 | |
| Basic commands | 143 | |
| Build / train | 84 | |
| Enter build submenu | 38 | |
| Enter hero's abilities submenu | 6 | |
| Give item / drop item | 9 | |
| Right click | 915 | |
| Select / deselect | 612 | |
| Select group hotkey | 1543 | |
| Use ability | 254 | |
3634 total
» units
| Peon | 16 | |
| Troll Batrider | 13 | |
| Shaman | 7 | |
36 total
» upgrades
| Spiked Barricades | 1 | |
| Ranged Weapons | 3 | |
| Liquid Fire | 1 | |
| Reinforced Defenses | 1 | |
| Shaman Training | 2 | |
| Witch Doctor Training | 1 | |
9 total
» buildings
| Altar of Storms | 2 | |
| Orc Burrow | 10 | |
| War Mill | 2 | |
| Watch Tower | 20 | |
| Voodoo Lounge | 1 | |
| Stronghold | 3 | |
| Beastiary | 3 | |
| Fortress | 2 | |
| Spirit Lodge | 2 | |
45 total
» build order
00:04 Altar of Storms
00:05 Orc Burrow
00:39 War Mill
01:56 Watch Tower
02:03 Watch Tower
02:21 Orc Burrow
04:16 Watch Tower
04:22 Watch Tower
04:34 Voodoo Lounge
05:04 Stronghold
05:12 Watch Tower
05:20 Watch Tower
05:26 Watch Tower
05:32 Watch Tower
06:12 Orc Burrow
06:22 Orc Burrow
06:28 Watch Tower
06:52 Watch Tower
07:30 Beastiary
07:34 Beastiary
07:47 Beastiary
08:25 Watch Tower
08:28 Watch Tower
09:02 Fortress
09:46 Watch Tower
18:22 Watch Tower
18:24 Watch Tower
18:25 Watch Tower
18:25 Watch Tower
18:27 Watch Tower
18:28 Watch Tower
18:28 Watch Tower
39:37 Stronghold
39:40 Orc Burrow
40:50 Orc Burrow
42:21 War Mill
44:01 Altar of Storms
44:52 Orc Burrow
45:25 Spirit Lodge
45:33 Spirit Lodge
46:14 Fortress
46:57 Orc Burrow
50:33 Orc Burrow
51:29 Orc Burrow
» items
| Healing Salve | 2 | |
| Lesser Clarity Potion | 4 | |
| Orb of Lightning | 1 | |
| Claws of Attack +6 | 1 | |
| Claws of Attack +15 | 3 | |
| Orb of Frost | 1 | |
| Scroll of Town Portal | 6 | |
| Potion of Healing | 2 | |
| Potion of Mana | 3 | |
| Scroll of Regeneration | 1 | |
| Gloves of Haste | 1 | |
| Tiny Great Hall | 1 | |
26 total
Sylink (
blue | 63 APM | 5383 actions | 85:52)
4 Goblin Tinker
2 Cluster Rockets
2 Engineering Upgrade
» actions
| Assign group hotkey | 62 | |
| Basic commands | 120 | |
| Build / train | 337 | |
| ESC pressed | 10 | |
| Enter build submenu | 198 | |
| Enter hero's abilities submenu | 4 | |
| Give item / drop item | 2 | |
| Remove unit from queue | 3 | |
| Right click | 1606 | |
| Select / deselect | 1476 | |
| Select group hotkey | 1084 | |
| Use ability | 479 | |
5383 total
» units
| Peasant | 135 | |
| Mortar Team | 12 | |
| Gryphon Rider | 6 | |
| Dragonhawk Rider | 3 | |
156 total
» upgrades
| Masonry | 3 | |
| Lumber Harvesting | 2 | |
| Flare | 1 | |
| Magic Sentry | 1 | |
| Gunpowder | 3 | |
| Armor | 3 | |
| Fragmentation Shards | 1 | |
| Sorceress Training | 2 | |
| Swords | 3 | |
| Storm Hammers | 1 | |
| Cloud | 1 | |
| Priest Training | 2 | |
| Plating | 3 | |
| Flak Cannons | 1 | |
| Flying Machine Bombs | 1 | |
| Barrage | 1 | |
| Backpack | 1 | |
| Animal War Training | 1 | |
| Long Rifles | 1 | |
| Defend | 1 | |
| Control Magic | 1 | |
34 total
» buildings
| Altar of Kings | 1 | |
| Farm | 6 | |
| Lumber Mill | 1 | |
| Scout Tower | 240 | |
| Arcane Tower | 2 | |
| Guard Tower | 110 | |
| Keep | 2 | |
| Blacksmith | 2 | |
| Workshop | 2 | |
| Arcane Sanctum | 1 | |
| Town Hall | 10 | |
| Arcane Vault | 2 | |
| Castle | 1 | |
| Gryphon Aviary | 2 | |
| Barracks | 1 | |
| Cannon Tower | 10 | |
393 total
» build order
00:24 Altar of Kings
00:25 Farm
00:45 Lumber Mill
01:11 Scout Tower
01:32 Scout Tower
01:43 Arcane Tower
01:55 Farm
02:18 Guard Tower
02:34 Scout Tower
03:09 Scout Tower
03:22 Scout Tower
03:24 Keep
03:51 Guard Tower
04:09 Guard Tower
04:11 Scout Tower
04:23 Scout Tower
04:40 Guard Tower
04:42 Scout Tower
04:51 Scout Tower
04:54 Farm
04:58 Guard Tower
05:00 Scout Tower
05:05 Blacksmith
05:10 Guard Tower
05:21 Guard Tower
05:30 Farm
05:45 Guard Tower
06:13 Workshop
06:17 Scout Tower
06:29 Scout Tower
06:52 Workshop
07:13 Guard Tower
07:22 Guard Tower
08:20 Scout Tower
08:23 Scout Tower
08:31 Farm
08:57 Guard Tower
08:58 Scout Tower
08:59 Scout Tower
09:04 Scout Tower
09:22 Arcane Sanctum
09:33 Guard Tower
09:34 Scout Tower
09:36 Scout Tower
09:47 Guard Tower
09:52 Scout Tower
10:04 Scout Tower
10:08 Guard Tower
10:12 Scout Tower
10:24 Guard Tower
10:25 Scout Tower
10:47 Guard Tower
11:07 Guard Tower
11:41 Town Hall
12:30 Farm
12:36 Scout Tower
12:46 Arcane Vault
13:27 Castle
13:49 Scout Tower
13:51 Scout Tower
14:24 Scout Tower
14:26 Guard Tower
14:28 Scout Tower
14:29 Scout Tower
14:30 Scout Tower
14:31 Scout Tower
14:36 Scout Tower
14:37 Scout Tower
14:38 Scout Tower
15:06 Guard Tower
15:07 Scout Tower
15:07 Scout Tower
15:11 Guard Tower
16:27 Guard Tower
16:29 Scout Tower
16:30 Scout Tower
16:37 Guard Tower
16:39 Scout Tower
16:40 Scout Tower
16:40 Scout Tower
16:50 Scout Tower
16:51 Scout Tower
16:52 Scout Tower
17:27 Guard Tower
18:20 Guard Tower
19:16 Scout Tower
19:16 Scout Tower
19:16 Scout Tower
19:18 Scout Tower
19:18 Scout Tower
19:19 Scout Tower
19:29 Guard Tower
19:30 Scout Tower
19:30 Scout Tower
19:31 Scout Tower
19:34 Scout Tower
20:20 Guard Tower
20:27 Scout Tower
20:30 Guard Tower
21:06 Scout Tower
21:07 Guard Tower
22:14 Guard Tower
22:42 Guard Tower
23:30 Scout Tower
23:32 Scout Tower
23:33 Scout Tower
23:36 Scout Tower
23:58 Scout Tower
24:17 Guard Tower
24:18 Scout Tower
24:22 Scout Tower
24:24 Scout Tower
24:40 Scout Tower
24:43 Scout Tower
24:44 Guard Tower
24:46 Scout Tower
24:50 Scout Tower
24:52 Guard Tower
24:55 Scout Tower
24:58 Scout Tower
25:13 Guard Tower
25:16 Scout Tower
25:17 Guard Tower
25:30 Town Hall
25:32 Scout Tower
25:33 Guard Tower
25:35 Scout Tower
25:46 Guard Tower
25:48 Scout Tower
25:49 Scout Tower
25:53 Scout Tower
26:14 Guard Tower
26:15 Scout Tower
26:16 Scout Tower
26:56 Guard Tower
26:58 Scout Tower
27:05 Scout Tower
27:05 Scout Tower
27:06 Scout Tower
27:09 Scout Tower
27:43 Guard Tower
27:45 Scout Tower
28:21 Guard Tower
28:53 Scout Tower
28:54 Scout Tower
29:21 Scout Tower
29:22 Scout Tower
29:36 Guard Tower
30:42 Guard Tower
30:43 Scout Tower
30:44 Scout Tower
31:25 Guard Tower
32:33 Scout Tower
32:34 Scout Tower
33:02 Guard Tower
33:04 Gryphon Aviary
33:12 Guard Tower
33:16 Gryphon Aviary
34:27 Scout Tower
34:28 Scout Tower
34:29 Scout Tower
34:31 Scout Tower
34:44 Scout Tower
34:57 Guard Tower
34:58 Guard Tower
35:00 Scout Tower
35:01 Scout Tower
35:02 Scout Tower
35:03 Scout Tower
35:05 Scout Tower
35:05 Scout Tower
35:07 Scout Tower
35:08 Scout Tower
35:09 Guard Tower
35:26 Guard Tower
35:27 Scout Tower
35:28 Scout Tower
35:38 Guard Tower
36:02 Guard Tower
36:33 Town Hall
37:07 Guard Tower
37:21 Guard Tower
37:36 Scout Tower
37:37 Scout Tower
37:38 Scout Tower
37:39 Scout Tower
37:41 Scout Tower
37:42 Scout Tower
38:12 Guard Tower
38:37 Guard Tower
38:37 Guard Tower
38:42 Guard Tower
39:05 Guard Tower
39:09 Scout Tower
39:09 Scout Tower
39:10 Scout Tower
40:19 Scout Tower
40:19 Scout Tower
40:20 Scout Tower
40:21 Scout Tower
40:22 Scout Tower
40:32 Guard Tower
40:52 Guard Tower
42:15 Scout Tower
42:16 Scout Tower
42:17 Scout Tower
42:18 Scout Tower
42:19 Scout Tower
42:20 Scout Tower
42:21 Scout Tower
42:22 Scout Tower
42:23 Scout Tower
42:34 Guard Tower
42:45 Guard Tower
42:46 Scout Tower
42:47 Scout Tower
42:51 Guard Tower
42:53 Guard Tower
43:22 Guard Tower
43:26 Town Hall
43:30 Scout Tower
43:32 Scout Tower
43:33 Guard Tower
43:39 Scout Tower
43:50 Scout Tower
43:51 Scout Tower
43:53 Guard Tower
44:02 Guard Tower
44:03 Scout Tower
44:04 Scout Tower
44:06 Scout Tower
44:07 Scout Tower
44:17 Guard Tower
44:19 Scout Tower
44:20 Scout Tower
44:21 Guard Tower
44:34 Guard Tower
44:47 Guard Tower
44:57 Guard Tower
45:01 Guard Tower
45:03 Scout Tower
45:05 Scout Tower
45:11 Guard Tower
45:16 Scout Tower
45:17 Scout Tower
45:32 Guard Tower
45:34 Scout Tower
45:49 Guard Tower
46:20 Guard Tower
47:09 Scout Tower
47:11 Scout Tower
47:12 Scout Tower
47:13 Scout Tower
47:14 Scout Tower
47:15 Scout Tower
47:40 Guard Tower
47:42 Scout Tower
47:44 Scout Tower
47:45 Scout Tower
47:46 Guard Tower
48:08 Guard Tower
48:10 Scout Tower
48:12 Arcane Tower
48:51 Guard Tower
48:54 Scout Tower
49:02 Guard Tower
49:04 Scout Tower
49:05 Scout Tower
49:06 Scout Tower
49:11 Scout Tower
49:11 Scout Tower
49:12 Scout Tower
49:32 Town Hall
49:34 Guard Tower
49:35 Scout Tower
49:36 Scout Tower
49:44 Guard Tower
50:06 Guard Tower
50:18 Scout Tower
50:19 Scout Tower
50:20 Scout Tower
50:26 Guard Tower
50:28 Scout Tower
50:28 Scout Tower
50:31 Scout Tower
50:32 Scout Tower
50:33 Guard Tower
50:34 Scout Tower
50:35 Scout Tower
50:59 Arcane Vault
51:01 Guard Tower
51:15 Guard Tower
51:26 Guard Tower
51:31 Guard Tower
52:06 Scout Tower
52:10 Scout Tower
52:11 Scout Tower
52:12 Scout Tower
52:13 Scout Tower
52:14 Scout Tower
52:14 Scout Tower
52:17 Scout Tower
52:17 Scout Tower
52:19 Scout Tower
52:20 Scout Tower
52:23 Scout Tower
52:23 Scout Tower
52:26 Scout Tower
52:27 Scout Tower
52:28 Guard Tower
52:42 Guard Tower
52:44 Guard Tower
52:57 Guard Tower
52:59 Guard Tower
53:09 Guard Tower
53:20 Guard Tower
53:23 Guard Tower
53:47 Scout Tower
53:47 Scout Tower
53:51 Scout Tower
53:52 Scout Tower
54:38 Guard Tower
56:18 Town Hall
60:22 Scout Tower
60:23 Scout Tower
60:27 Scout Tower
60:27 Scout Tower
60:31 Scout Tower
60:32 Scout Tower
60:33 Scout Tower
60:34 Scout Tower
60:36 Scout Tower
60:36 Scout Tower
60:38 Scout Tower
61:05 Guard Tower
61:10 Guard Tower
61:26 Guard Tower
61:30 Scout Tower
61:30 Scout Tower
61:33 Town Hall
61:37 Scout Tower
61:38 Scout Tower
61:39 Guard Tower
61:41 Scout Tower
61:42 Scout Tower
61:44 Scout Tower
61:45 Scout Tower
61:45 Scout Tower
61:52 Scout Tower
61:53 Scout Tower
61:53 Scout Tower
62:00 Scout Tower
62:01 Scout Tower
62:15 Guard Tower
62:38 Guard Tower
62:54 Guard Tower
62:58 Scout Tower
63:10 Scout Tower
63:43 Guard Tower
67:30 Blacksmith
67:32 Barracks
68:52 Town Hall
70:32 Scout Tower
70:33 Scout Tower
70:35 Scout Tower
71:07 Cannon Tower
71:10 Scout Tower
71:24 Scout Tower
71:27 Scout Tower
71:28 Scout Tower
71:53 Cannon Tower
71:55 Cannon Tower
71:56 Cannon Tower
71:59 Scout Tower
72:01 Scout Tower
72:03 Scout Tower
72:30 Cannon Tower
72:43 Scout Tower
73:07 Cannon Tower
75:00 Scout Tower
75:02 Scout Tower
75:04 Scout Tower
75:29 Cannon Tower
75:32 Cannon Tower
75:34 Cannon Tower
75:37 Scout Tower
75:38 Scout Tower
75:41 Scout Tower
75:45 Scout Tower
76:21 Cannon Tower
76:56 Town Hall
77:29 Town Hall
80:06 Keep
» items
| Scroll of Regeneration | 4 | |
| Scroll of Town Portal | 5 | |
| Orb of Fire | 1 | |
| Ring of Protection +5 | 1 | |
| Claws of Attack +15 | 1 | |
| Ivory Tower | 2 | |
14 total
team 2 (loser)
00loser (
green | 42 APM | 904 actions | 21:25)
4 Paladin
2 Holy Light
1 Divine Shield
1 Devotion Aura
2 Archmage
1 Summon Water Elemental
1 Brilliance Aura
» actions
| Assign group hotkey | 17 | |
| Build / train | 60 | |
| Enter build submenu | 25 | |
| Enter hero's abilities submenu | 6 | |
| Give item / drop item | 1 | |
| Remove unit from queue | 1 | |
| Right click | 306 | |
| Select / deselect | 182 | |
| Select group hotkey | 269 | |
| Use ability | 37 | |
904 total
» units
| Peasant | 12 | |
| Rifleman | 10 | |
| Footman | 1 | |
| Priest | 6 | |
| Dragonhawk Rider | 5 | |
34 total
» upgrades
| Gunpowder | 2 | |
| Long Rifles | 1 | |
| Armor | 1 | |
| Priest Training | 1 | |
5 total
» buildings
| Altar of Kings | 1 | |
| Farm | 9 | |
| Blacksmith | 1 | |
| Barracks | 1 | |
| Arcane Vault | 1 | |
| Scout Tower | 1 | |
| Arcane Tower | 1 | |
| Keep | 1 | |
| Lumber Mill | 1 | |
| Town Hall | 3 | |
| Arcane Sanctum | 1 | |
| Gryphon Aviary | 2 | |
| Castle | 1 | |
24 total
» build order
00:24 Altar of Kings
00:39 Farm
00:58 Blacksmith
01:13 Barracks
01:20 Farm
01:56 Farm
02:38 Farm
03:01 Arcane Vault
03:18 Scout Tower
03:47 Arcane Tower
04:57 Keep
05:26 Farm
05:28 Farm
06:20 Lumber Mill
06:25 Town Hall
08:13 Arcane Sanctum
09:38 Farm
11:28 Farm
11:29 Farm
14:36 Gryphon Aviary
14:38 Castle
15:49 Gryphon Aviary
16:40 Town Hall
18:35 Town Hall
» items
| Scroll of Regeneration | 1 | |
| Ring of Protection +5 | 1 | |
| Scroll of the Beast | 1 | |
| Orb of Frost | 1 | |
| Gloves of Haste | 1 | |
| Potion of Invulnerability | 1 | |
| Claws of Attack +6 | 1 | |
| Mantle of Intelligence +3 | 1 | |
| Circlet of Nobility | 1 | |
9 total
shaiman (
pink | 43 APM | 3692 actions | 85:46)
6 Demon Hunter
3 Evasion
2 Mana Burn
1 Metamorphosis
2 Warden
1 Shadow Strike
1 Fan of Knives
1 Paladin
1 Divine Shield
» actions
| Assign group hotkey | 2 | |
| Basic commands | 447 | |
| Build / train | 51 | |
| ESC pressed | 8 | |
| Enter build submenu | 20 | |
| Enter hero's abilities submenu | 9 | |
| Give item / drop item | 4 | |
| Right click | 2044 | |
| Select / deselect | 952 | |
| Select group hotkey | 15 | |
| Use ability | 136 | |
3692 total
» units
| Wisp | 19 | |
| Huntress | 6 | |
| Druid of the Claw | 6 | |
| Mountain Giant | 1 | |
32 total
» upgrades
| Druid of the Claw Training | 2 | |
| Strength of the Wild | 1 | |
3 total
» buildings
| Altar of Elders | 1 | |
| Moon Well | 7 | |
| Hunter's Hall | 1 | |
| Ancient of War | 1 | |
| Ancient Protector | 1 | |
| Ancient of Wonders | 1 | |
| Tree of Ages | 1 | |
| Tree of Eternity | 2 | |
| Ancient of Lore | 2 | |
| Tree of Life | 2 | |
19 total
» build order
00:09 Altar of Elders
00:21 Moon Well
01:14 Hunter's Hall
01:32 Moon Well
01:58 Ancient of War
02:21 Moon Well
02:39 Ancient Protector
02:43 Ancient of Wonders
04:34 Tree of Ages
05:00 Moon Well
06:27 Moon Well
06:58 Tree of Eternity
07:05 Ancient of Lore
07:07 Ancient of Lore
08:30 Tree of Eternity
11:52 Moon Well
11:54 Moon Well
15:26 Tree of Life
25:09 Tree of Life
» items
SoLo)4[EvEr] (
red | 50 APM | 4283 actions | 85:46)
7 Death Knight
3 Death Coil
3 Unholy Aura
1 Animate Dead
6 Lich
3 Frost Nova
2 Frost Armor
1 Death and Decay
» actions
| Assign group hotkey | 23 | |
| Basic commands | 9 | |
| Build / train | 101 | |
| Enter build submenu | 57 | |
| Enter hero's abilities submenu | 13 | |
| Give item / drop item | 5 | |
| Remove unit from queue | 2 | |
| Right click | 1715 | |
| Select / deselect | 522 | |
| Select group hotkey | 1688 | |
| Use ability | 147 | |
4283 total
» units
| Acolyte | 19 | |
| Ghoul | 6 | |
| Crypt Fiend | 10 | |
| Frost Wyrm | 10 | |
| Obsidian Statue | 2 | |
47 total
» upgrades
| Creature Attack | 2 | |
| Web | 1 | |
| Creature Carapace | 1 | |
| Freezing Breath | 1 | |
| Destroyer Form | 1 | |
6 total
» buildings
| Crypt | 1 | |
| Ziggurat | 36 | |
| Graveyard | 1 | |
| Altar of Darkness | 1 | |
| Nerubian Tower | 5 | |
| Tomb of Relics | 1 | |
| Halls of the Dead | 1 | |
| Sacrificial Pit | 1 | |
| Black Citadel | 1 | |
| Spirit Tower | 17 | |
| Slaughterhouse | 1 | |
| Boneyard | 3 | |
69 total
» build order
00:05 Crypt
00:07 Ziggurat
00:44 Graveyard
01:03 Altar of Darkness
01:40 Ziggurat
02:12 Nerubian Tower
03:15 Tomb of Relics
03:35 Ziggurat
04:23 Halls of the Dead
06:17 Ziggurat
08:11 Sacrificial Pit
08:14 Black Citadel
08:29 Spirit Tower
09:18 Ziggurat
09:19 Ziggurat
09:59 Slaughterhouse
10:50 Boneyard
11:30 Spirit Tower
13:41 Ziggurat
18:18 Ziggurat
18:23 Ziggurat
19:22 Spirit Tower
34:47 Ziggurat
34:49 Ziggurat
34:51 Ziggurat
34:56 Ziggurat
37:00 Ziggurat
38:29 Spirit Tower
38:55 Spirit Tower
39:44 Ziggurat
39:53 Ziggurat
40:30 Ziggurat
40:32 Ziggurat
41:21 Ziggurat
41:26 Spirit Tower
42:27 Nerubian Tower
42:29 Spirit Tower
45:04 Ziggurat
45:07 Ziggurat
46:20 Nerubian Tower
46:21 Spirit Tower
47:03 Boneyard
49:00 Ziggurat
49:04 Ziggurat
49:06 Ziggurat
49:56 Spirit Tower
49:57 Spirit Tower
49:59 Spirit Tower
50:15 Boneyard
50:39 Ziggurat
52:35 Spirit Tower
58:43 Ziggurat
58:45 Ziggurat
58:46 Ziggurat
58:50 Ziggurat
58:57 Ziggurat
58:58 Ziggurat
58:59 Ziggurat
60:08 Spirit Tower
60:10 Spirit Tower
60:11 Spirit Tower
60:17 Nerubian Tower
60:19 Nerubian Tower
60:21 Spirit Tower
61:52 Ziggurat
61:53 Ziggurat
61:58 Ziggurat
62:00 Ziggurat
62:55 Spirit Tower
» items
| Scroll of Town Portal | 4 | |
| Dust of Appearance | 4 | |
8 total
Chat log
(21:25 / All) Noinu: FOOOEY
(34:20 / Allies) Noinu: gday
(34:27 / Allies) GapInTheTooth: lol
(42:24 / All) shaiman: hack more plz
(42:28 / All) Noinu: HACKS
(42:31 / All) Sylink: called flare lmao
(42:38 / All) GapInTheTooth: hacky sacks
(48:10 / All) shaiman: wow u guys are gay
(48:13 / All) Sylink: no u
(48:16 / All) Noinu: leave
(48:19 / All) shaiman: tower much?
(48:22 / All) Sylink: lose
(48:23 / All) Sylink: gg
(48:30 / All) GapInTheTooth: lose much?
(48:34 / All) shaiman: we wont lsoe
(48:38 / All) Sylink: how can you win
(48:42 / All) Noinu: we have 5 expos, you?
(48:43 / All) shaiman: watch and learn
(48:47 / All) shaiman: 3
(55:26 / All) Sylink: my fountain ok
(63:53 / All) Sylink: gg
(63:59 / All) shaiman: gl
(64:08 / All) Sylink: well i hae 11k gold and counting
(64:14 / All) shaiman: thats nice
(65:22 / All) Sylink: lmao scrubs
(65:28 / All) shaiman: right
(65:33 / All) shaiman: ur the newb who towered all game
(65:34 / All) Sylink: get out of here
(65:38 / All) Sylink: you lost to a newb then gg
(65:40 / All) shaiman: well
(65:41 / All) GapInTheTooth: ur the noob who lost
(65:41 / All) shaiman: ill leave
(65:43 / All) shaiman: when u leave
(65:44 / All) Noinu: youre the newb who won the game?
(65:48 / All) shaiman: yea we will
(71:05 / All) GapInTheTooth: the jig is up guys
(71:13 / All) GapInTheTooth: we found your tree
(71:22 / All) SoLo)4[EvEr]: we found ur vagina
(71:29 / All) Noinu: SNAP
(71:35 / All) Sylink: losers hahahahaha
(72:16 / All) Noinu: keep eating trees
(72:22 / All) Sylink: gold at the end
(72:25 / All) shaiman: i planned on it lol
(72:56 / All) Noinu: silly tree
(73:15 / All) Sylink: gauntlet
(73:32 / All) Noinu: :'( it was a good tree
(74:00 / All) shaiman: find the other ones =
(74:02 / All) shaiman: =)
(74:31 / All) SoLo)4[EvEr]: upgrade them
(75:57 / All) SoLo)4[EvEr]: how many trees u guys got over there
(76:16 / All) Noinu: 5 cannon towers
(76:26 / All) Noinu: ahem, 6
(80:22 / All) shaiman: 2 bases inside of an expo...
(80:30 / All) Sylink: more like 3
(81:44 / All) SoLo)4[EvEr]: looks like the freakin rain forests..
(81:50 / All) Sylink: filled with niggers?
(82:57 / All) Sylink: the people will rebel soon
(83:15 / All) GapInTheTooth: Remember remember the 22nd of November
(83:31 / All) GapInTheTooth: shades dont do shit btw
(83:51 / All) shaiman: are u serious...
(83:56 / All) Sylink: wut
(84:01 / All) shaiman: u have like 100 peasants..
(84:05 / All) Sylink: i do
(84:10 / All) Sylink: Exactly that number
(84:31 / All) Sylink: SO IT BEGINS
(84:32 / All) shaiman: u cant miltia them tho..
(84:35 / All) Sylink: the fuck i cant
(84:38 / All) shaiman: wow..
(84:48 / All) shaiman: i thought u could only do that with ur main
(85:19 / All) shaiman: ima save this just to watch and laugh at this point lmao
(85:19 / All) SoLo)4[EvEr]: I HATE U DIPSHIT
(85:36 / All) Sylink: gg
(85:45 / All) SoLo)4[EvEr]: nubs sucks my god forsaken cock